 Dungeon Crawl Stone Soup version 0.22-a0-570-g58866f5 (webtiles) character file.

2 Amnesiac the Shield-Bearer (level 1, 0/18 HPs)
             Began as a Formicid Fighter on June 30, 2018.
             Succumbed to an adder's poison
             ... on level 2 of the Dungeon.
             The game lasted 00:00:22 (33 turns).

Amnesiac the Shield-Bearer (Formicid Fighter)         Turns: 33, Time: 00:00:23

Health: 0/18       AC:  6    Str: 20    XL:     1   Next: 44%
Magic:  1/1        EV:  7    Int:  7    God:
Gold:   0          SH:  9    Dex: 10    Spells: 0/0 levels left

rFire    . . .     SeeInvis +   a - +0 quarterstaff
rCold    . . .     Gourm    .   c - +0 shield
rNeg     . . .     Faith    .   b - +0 scale mail
rPois    .         Spirit   .   (helmet unavailable)
rElec    .         Reflect  .   (no cloak)
rCorr    .         Harm     .   (no gloves)
MR       .....                  (no boots)
Stlth    ..........             (no amulet)
HPRegen  0.06/turn              (no ring)
MPRegen  0.07/turn              (no ring)

@: lethally poisoned (0 -> -10)
A: permanent stasis, dig shafts and tunnels, four strong arms, antennae 3
a: Dig, Shaft Self


You were on level 2 of the Dungeon.
You were not hungry.

You visited 1 branch of the dungeon, and saw 2 of its levels.

Inventory:

Hand Weapons
 a - a +0 quarterstaff (weapon)
Armour
 b - a +0 scale mail (worn)
 c - a +0 shield (worn)
Potions
 d - a potion of might {!q}
Comestibles
 f - a ration


   Skills:
 + Level 3.2 Fighting
 - Level 2.1 Staves
 - Level 3.2 Armour
 - Level 3.7 Shields


You couldn't memorise any spells.
You didn't know any spells.
Your spell library was empty.

Dungeon Overview and Level Annotations

Branches:
Dungeon (2/15)

Altars:


Innate Abilities, Weirdness & Mutations

You cannot be hasted, slowed, berserked, paralysed or teleported.
You can dig through walls and to a lower floor.
Your four strong arms can wield two-handed weapons with a shield.
You have a pair of large antennae on your head. (SInv)


Message History

The bat is moderately wounded.
You block the bat's attack. You block the bat's attack.
You barely miss the bat.
The bat is moderately wounded.
The bat hits you but does no damage.
Your shield prevents you from hitting the bat.
The bat is moderately wounded.
The bat hits you but does no damage.
You hit the bat.
The bat is severely wounded.
The bat hits you but does no damage. You block the bat's attack.
The bat hits you but does no damage.
You barely miss the bat.
The bat is severely wounded.
The bat hits you but does no damage. The bat hits you but does no damage.
The bat hits you but does no damage.
There is a stone staircase leading down here.
You block the bat's attack.
You sock the bat!
You kill the bat!
No target in view!
No target in view!
There is a stone staircase leading down here.
You climb downwards.
A rat and a kobold come into view.
The kobold shouts!
You hear an angry hiss.
Found a smoky coppery potion.
There is a stone staircase leading up here.
You block the kobold's attack.
You barely miss the kobold. You block the kobold's attack.
You sock the kobold!
You kill the kobold!
An adder comes into view.
You hit the rat.
You kill the rat!
The adder bites you but does no damage.
You barely miss the adder. The adder bites you.
You are poisoned.
The adder poisons you! The adder bites you but does no damage.
You miss the adder.
You feel sick. The adder bites you.
You are lethally poisoned!
The adder poisons you!
Your shield and scale mail prevent you from hitting the adder.
You feel sick. You block the adder's attack.
The adder bites you but does no damage.
You sock the adder!
The adder is almost dead.
You feel sick. You block the adder's attack. The adder bites you.
* * * LOW HITPOINT WARNING * * *
You closely miss the adder.
The adder is almost dead.
* * * LOW HITPOINT WARNING * * *
You feel sick. The adder bites you.
* * * LOW HITPOINT WARNING * * *
Okay, then.
You closely miss the adder.
The adder is almost dead.
* * * LOW HITPOINT WARNING * * *
You feel sick.
The adder bites you but does no damage. x2
You closely miss the adder.
The adder is almost dead.
You die...

#### #..
{ #S# #@#
#<#
.!.....##
...###.
#. #. ..
.# .


You could see an adder.

Vanquished Creatures
  A kobold (D:2)
  A bat (D:1)
  A rat (D:2)
3 creatures vanquished.

Notes
Turn   | Place    | Note
-------+----------+-------------------------------------------
     0 | D:1      | Amnesiac the Formicid Fighter began the quest for the Orb.
     0 | D:1      | Reached XP level 1. HP: 18/18 MP: 1/1
    33 | D:2      | Succumbed to an adder's poison

Vault maps used:
D:1:      dpeg_arrival_simpleton_b

Action                   || total
-------------------------++-------
Melee: Quarterstaff      ||    18
Armor: Scale mail        ||    14
Dodge: Dodged            ||     2
Block: Shield            ||    12

Table legend:
 A = Spawn XP
 B = Non-spawn XP
 C = Spawn XP percentage of total XP
 D = Spawn monster count
 E = Non-spawn monster count
 F = Spawn count percentage of total count
 G = Total turns spent on level
                    A         B        C        D         E        F      G
               +---------+---------+-------+---------+---------+-------+---------
         Total |       0 |       4 |   0.0 |       0 |       3 |   0.0 |    33
               +---------+---------+-------+---------+---------+-------+---------
           D:1 |       0 |       1 |   0.0 |       0 |       1 |   0.0 |    22
           D:2 |       0 |       3 |   0.0 |       0 |       2 |   0.0 |    11
               +---------+---------+-------+---------+---------+-------+---------
